AoeStats
← Zumoshi

Arabia

505671528Analyzed
1v1 RM · 23d ago on Sep 10, 2026· 55m 41s· 2 players
Game mode
Random Map
Map size
Tiny (2 player)
Population
200
Speed
Normal
Resources
Standard
Victory
Conquest
Starting age
Dark Age
Ending age
Imperial Age
RankedLock teamsTeams togetherTeam positionsShared explorationLock speedFull tech treeHidden civsTurbo modeCheats
Victory
Defeat
🇹🇼 Britons · Taiwan
1145
+14
🇮🇱 Bulgarians · Israel
1099
-14
Zumoshi
6:58 Loom
9:44 Feudal Age
10:22 Double-Bit Axe
15:00 Forging
14:58 Scale Barding Armor
15:58 Scale Barding Armor
18:25 Bloodlines
19:23 Horse Collar
24:37 Castle Age
23:38 Stone Mining
24:14 Fletching
26:06 Husbandry
26:32 Chain Barding Armor
26:55 Iron Casting
26:49 Bow Saw
27:26 Wheelbarrow
27:06 Gold Mining
29:35 Heavy Plow
29:54 Elite Skirmisher
31:28 Bodkin Arrow
33:01 Padded Archer Armor
33:08 Scale Mail Armor
35:07 Stirrups
36:59 Leather Archer Armor
36:55 Thumb Ring
38:00 Ballistics
43:58 Imperial Age
43:30 Chain Mail Armor
43:52 Hand Cart
44:54 Elite Konnik
46:28 Crop Rotation
47:15 Blast Furnace
46:08 Capped Ram
47:04 Siege Ram
48:32 Plate Barding Armor
48:28 Plate Mail Armor
47:58 Bracer
49:31 Chemistry
49:16 Light Cavalry
51:35 Squires
50:55 Pikeman
51:01 Hussar
齊天大聖孫悟空
7:22 Loom
9:40 Feudal Age
10:36 Double-Bit Axe
12:35 Fletching
14:39 Gold Mining
16:03 Horse Collar
23:06 Castle Age
23:10 Crossbowman
23:46 Bodkin Arrow
25:06 Ballistics
25:00 Bow Saw
25:26 Gold Shaft Mining
25:29 Town Watch
31:14 Imperial Age
29:09 Stone Mining
30:50 Wheelbarrow
31:18 Arbalester
32:00 Bracer
34:59 Chemistry
34:41 Heavy Plow
35:59 Murder Holes
36:16 Warwolf
37:30 Conscription
38:26 Yeomen
38:33 Padded Archer Armor
39:34 Leather Archer Armor
40:29 Hand Cart
41:30 Ring Archer Armor
42:32 Two-Man Saw
42:15 Pikeman
42:55 Squires
43:18 Forging
43:09 Scale Mail Armor
42:49 Halberdier
45:03 Iron Casting
45:44 Scale Barding Armor
47:00 Blast Furnace
45:24 Light Cavalry
46:05 Husbandry
47:49 Chain Barding Armor
47:45 Chain Mail Armor
51:13 Plate Barding Armor
51:14 Plate Mail Armor
Connection lost

Rejoining the realm…

Still unreachable

The connection could not be restored.

Session expired

The server has moved on; the page needs a fresh start.